 Dungeon Crawl Stone Soup version 0.21.0-25-ge575cb9 (webtiles) character file.

449872 Inarius the Englaciator (level 23, 0/183 HPs)
             Began as a White Draconian Ice Elementalist on Jan 19, 2018.
             Was the Champion of Nemelex Xobeh.
             Slain by a spriggan defender
             ... wielding a +2 quick blade
             ... led by the Enchantress
              (9 damage)
             ... on level 1 of the Depths on Jan 24, 2018.
             The game lasted 07:10:44 (102514 turns).

Inarius the Englaciator (DrIE)                    Turns: 102514, Time: 07:10:46

Health: 0/183      AC: 23    Str: 12    XL:     23   Next: 17%
Magic:  36/50      EV: 21    Int: 33    God:    Nemelex Xobeh [******]
Gold:   1759       SH:  8    Dex: 15    Spells: 11/51 levels left

rFire    + + +     SeeInvis .   f - +1 long sword "Seir" {freeze, *Rage rF++ rN+}
rCold    . . .     Gourm    .   z - +3 buckler {AC+3}
rNeg     + . .     Faith    .   (armour unavailable)
rPois    +         Spirit   .   n - +2 hat {MR+}
rElec    +         Reflect  .   w - +0 cloak
rCorr    .         Harm     .   S - +2 pair of gloves of the Five Coins {Int+3 Dex+3}
MR       +++..     Rnd*Rage +   u - +2 pair of boots of Yredelemnul's Regard {Int+3}
Stlth    ++........             a - amulet "Obbabona" {*Drain +Rage rElec Str-3 Int+8}
HPRegen  0.40/turn              r - +4 ring of evasion
MPRegen  0.32/turn              m - ring of Nen Kuuq {Fire rPois MP+9 Str+2 Int-4}

@: berserk cooldown, very slightly contaminated, slowed, studying Spellcasting,
very slow
A: breathe frost, unfitting armour, horns 1, cold resistance 1, magic resistance
1, screaming 1, cold-blooded, AC +11
}: 2/15 runes: decaying, gossamer
a: Breathe Frost, Triple Draw, Deal Four, Stack Five, Renounce Religion, Evoke
Berserk Rage


You were on level 1 of the Depths.
You worshipped Nemelex Xobeh.
Nemelex Xobeh was exalted by your worship.
You were hungry.

You visited 9 branches of the dungeon, and saw 41 of its levels.
You visited the Abyss 1 time.
You visited 1 bazaar.
You also visited: Bailey, Ice Cave, Wizlab and Desolation.

You collected 4719 gold pieces.
You spent 2960 gold pieces at shops.

Inventory:

Hand Weapons
 f - the +1 long sword "Seir" (weapon) {freeze, *Rage rF++ rN+}
   (You took it off a deep elf high priest on level 3 of the Elven Halls)

   It has been specially enchanted to freeze those struck by it, causing extra
   injury to most foes and up to half again as much damage against particularly
   susceptible opponents.
   It can also slow down cold-blooded creatures.
   It greatly protects you from fire.
   It protects you from negative energy.
   It may make you go berserk in combat.
 V - the +4 rapier "Wiyck" {elec, Str+4 Int+3}
   (You found it on level 1 of the Swamp)

   Occasionally, upon striking a foe, it will discharge some electrical energy
   and cause terrible harm.
   It affects your strength (+4).
   It affects your intelligence (+3).
Armour
 n - a +2 hat of magic resistance (worn)
 u - the +2 pair of boots of Yredelemnul's Regard (worn) {Int+3}
   (You bought it in a shop on level 4 of the Vaults)

   It affects your intelligence (+3).
 w - a +0 cloak (worn)
 z - a +3 buckler of protection (worn)
 S - the +2 pair of gloves of the Five Coins (worn) {Int+3 Dex+3}
   (You found it in the Desolation of Salt)

   It affects your intelligence (+3).
   It affects your dexterity (+3).
Magical Staves
 Z - an uncursed staff of cold
Jewellery
 a - the amulet "Obbabona" (around neck) {*Drain +Rage rElec Str-3 Int+8}
   (You found it on level 6 of the Dungeon)

   [amulet of rage]

   It affects your strength (-3).
   It affects your intelligence (+8).
   It insulates you from electricity.
   It lets you go berserk.
   It causes draining when unequipped.
 m - the ring of Nen Kuuq (right hand) {Fire rPois MP+9 Str+2 Int-4}
   (You bought it in a shop on level 3 of the Elven Halls)

   [ring of fire]

   It enhances your fire magic.
   It affects your strength (+2).
   It affects your intelligence (-4).
   It protects you from fire.
   It makes you vulnerable to cold.
   It protects you from poison.
   It affects your magic capacity (+9).
 r - a +4 ring of evasion (left hand)
 y - an uncursed ring of see invisible
 B - the amulet "Yzonolua" {+Rage rN+ MR+}
   (You acquired it on level 14 of the Dungeon)

   [amulet of rage]

   It protects you from negative energy.
   It affects your resistance to hostile enchantments.
   It lets you go berserk.
 X - the ring of the Vendetta {rC+ Str+4}
   (You took it off a deep elf knight on level 1 of the Elven Halls)

   [ring of protection from cold]

   It affects your strength (+4).
   It protects you from cold.
 Y - an uncursed ring of fire
Wands
 l - a wand of digging (8)
Scrolls
 g - 14 scrolls of immolation
 p - a scroll of magic mapping
 x - 15 scrolls of remove curse
 A - 4 scrolls of identify
 F - 10 scrolls of teleportation
 R - a scroll of amnesia
 U - 2 scrolls of fear
Potions
 e - 10 potions of brilliance
 j - 5 potions of curing
 k - a potion of heal wounds
 o - 5 potions of agility
 q - 7 potions of haste
 C - 11 potions of ambrosia
 D - 3 potions of magic
 G - a potion of resistance
 N - 11 potions of might
 O - 2 potions of cancellation
 P - a potion of invisibility
 Q - 3 potions of mutation
Books
 v - a manual of Spellcasting
Miscellaneous
 d - a legendary deck of destruction
 h - a legendary deck of destruction
 i - a legendary deck of destruction
 s - a legendary deck of summoning
 t - a legendary deck of summoning
 E - a legendary deck of destruction
 H - a legendary deck of summoning {drawn: 5}
 I - a legendary deck of escape
 J - a legendary deck of destruction
 K - a legendary deck of destruction {drawn: 7}
 L - a legendary deck of destruction
 M - a legendary deck of summoning
 W - a legendary deck of destruction
Comestibles
 b - 27 rations


   Skills:
 + Level 10.6 Fighting
 - Level 1.5 Short Blades
   Level 0.2(0.6) Maces & Flails
 - Level 1.0 Staves
 + Level 8.5 Dodging
 - Level 1.7 Stealth
 - Level 3.0 Shields
 + Level 14.8 Spellcasting
 * Level 17.5 Conjurations
 - Level 4.1 Charms
 + Level 6.5 Summonings
 + Level 2.8 Necromancy
 O Level 27 Ice Magic
 + Level 1.3 Air Magic
 * Level 16.7 Invocations
 - Level 0.9 Evocations


You had 11 spell levels left.
You knew the following spells:

 Your Spells              Type           Power        Failure   Level  Hunger
a - Regeneration          Chrm/Necr      #####.....   1%          3    None
b - Ozocubu's Armour      Chrm/Ice       #######.     0%          3    None
c - Throw Icicle          Conj/Ice       ########     0%          4    None
d - Summon Ice Beast      Ice/Summ       #######.     1%          4    None
e - Orb of Destruction    Conj           #######...   1%          7    #####..
f - Ozocubu's Refrigerat  Ice            ########..   0%          6    ###....
g - Bolt of Cold          Conj/Ice       ########..   1%          6    ###....
h - Swiftness             Chrm/Air       #####...     1%          2    None
i - Aura of Abjuration    Summ           ######....   3%          5    None


Dungeon Overview and Level Annotations

Branches:
Dungeon (15/15)            Temple (1/1) D:7            Lair (6/6) D:9
  Swamp (4/4) Lair:2       Spider (4/4) Lair:2        Slime (0/5) Lair:6
    Orc (2/2) D:9             Elf (3/3) Orc:2        Vaults (4/5) D:14
  Crypt (0/3) Vaults:2     Depths (2/5) D:15

Altars:
Ashenzari
Cheibriados
Dithmenos
Elyvilon
Fedhas
Gozag
Hepliaklqana
Kikubaaqudgha
Makhleb
Nemelex Xobeh
Okawaru
Qazlal
Ru
Sif Muna
Trog
Uskayaw
Vehumet
Wu Jian
Xom
Yredelemnul
Zin
The Shining One
Beogh
Jiyva

Shops:
D:5 [   D:15 !   Orc:2 (:[**   Elf:1 (   Elf:3 =   Vaults:4 *%*   Depths:1 [

Portals:
Hell: Depths:1
Pandemonium: Depths:1
Trove: D:10 (show slimy rune of Zot)

Annotations:
D:3 matthes123's ghost, novice GrEE
D:5 HunterMK1337's ghost, novice DECj
D:8 Tovarisch's ghost, novice CeHu
Vaults:2 Mennas
Depths:1 the Enchantress


Innate Abilities, Weirdness & Mutations

You can breathe waves of freezing cold.
You can buffet flying creatures when you breathe cold.
Your icy white scales are hard. (AC +11)
You cannot fit into any form of body armour.
Your flesh is cold resistant. (rC+)
You are cold-blooded and may be slowed by cold attacks.
You have a pair of small horns on your head.
You are resistant to hostile enchantments. (MR+)
You occasionally shout uncontrollably at your foes.


Message History

You radiate a wave of entropy!
Press: ? - help, Shift-Dir - straight line, f - spriggan defender
Aim: a spriggan defender, wielding an enchanted quick blade, wearing a robe and wearing a shiny buckler
Okay, then.
Your killer bee stings your killer bee!
Your killer bee stings your killer bee.
The spriggan defender hits you with an enchanted quick blade!!
* * * LOW HITPOINT WARNING * * *
The spriggan defender hits you with an enchanted quick blade.
* * * LOW HITPOINT WARNING * * *
The spriggan defender closely misses you.
Evoke which item? (* to show all) (? for menu, Esc to quit)
You draw a card...
It is the Elements.
Your killer bee seems less confused.
You block the spriggan defender's attack.
The spriggan defender hits you with an enchanted quick blade!!
* * * LOW HITPOINT WARNING * * *
Your killer bee closely misses your killer bee.
The spriggan defender hits you with an enchanted quick blade!
You die...
Your body disappears without a glow.

...................[>.##
'#.......[.............##
.#......................##
.#..>..).............(...##
.#........######y...y...∩.##
.#........#....#.y.........##
.#....[...#.##.#{D..:.......#
##(..#....#.##.#i#####......#
##..###...#.##.#@#####.....<#
.'.## ##....##.8.#####......#
##..###...####S..#####....[.#
.....#...........#####..[...#
............................###
###.####......................#
.....(....................###.#
############..................#
..................#####.......#


You could see a spriggan defender, a friendly iron golem, a friendly fire
dragon, a friendly shock serpent and 3 friendly killer bees.

Vanquished Creatures
  Saint Roka (Elf:3)
  Jory (Vaults:2)
  A titan (Vaults:4)
  2 deep elf blademasters
  A deep elf master archer (Elf:3)
  3 sphinxes
  3 storm dragons
  Donald (Vaults:2)
  A shadow dragon (Depths:1)
  2 tengu reavers
  3 fire giants
  6 vault wardens
  An azure jelly (shapeshifter) (Depths:2)
  7 deep elf sorcerers
  An iron dragon (shapeshifter) (Depths:2)
  An imperial myrmidon (Desolation)
  3 ghost moths (Spider:4)
  4 frost giants
  3 deep elf elementalists (Elf:3)
  An orc warlord (Bailey)
  8 emperor scorpions
  11 ironheart preservers
  A very ugly thing (Vaults:3)
  6 stone giants
  4 entropy weavers
  10 deep elf demonologists
  6 deep elf annihilators
  2 crystal guardians (Desolation)
  A spark wasp (Spider:4)
  5 ettins
  5 deep elf death magi
  7 yaktaur captains
  8 fire dragons
  Josephine (D:12)
  9 deep elf high priests (Elf:3)
  6 ogre magi
  7 ragged hierophants (Desolation)
  2 great orbs of eyes
  2 rakshasas (Vaults:2)
  6 servants of whispers (Desolation)
  3 ice dragons
  3 peacekeepers (Desolation)
  3 vault guards (Vaults:2)
  An anaconda (shapeshifter) (Elf:3)
  24 hydras
  9 centaur warriors
  27 dancing weapons
  10 two-headed ogres
  A ghost crab (Swamp:1)
  5 deep troll shamans
  11 alligators
  4 orc high priests (Orc:2)
  2 death yaks (Lair:5)
  2 spriggans
  27 deep elf knights
  A soul eater (Depths:1)
  A shadow wraith (Vaults:3)
  2 iron trolls
  9 skeletal warriors
  2 fire crabs
  A spriggan druid (Swamp:3)
  2 death drakes
  A gelid demonspawn (Depths:1)
  A shadow demon (Depths:1)
  2 shambling mangroves
  2 unseen horrors
  5 swamp dragons
  19 deep elf archers
  8 wizards
  12 deep trolls
  7 ironbrand convokers
  Pikel (D:6)
  A lindwurm (Swamp:4)
  14 orb spiders
  7 orc sorcerers
  70 deep elf magi
  30 wolf spiders
  A faun (shapeshifter) (Vaults:2)
  A necromancer (Vaults:1)
  14 orc knights
  A moth of wrath (Spider:3)
  21 ugly things
  5 manticores
  4 guardian serpents (Desolation)
  12 cyclopes
  A rust devil (Depths:1)
  20 elephants
  An ice statue (IceCv)
  Joseph (D:9)
  A torpor snail (shapeshifter) (Vaults:4)
  3 black mambas
  6 vault sentinels
  A centaur skeleton (D:15)
  28 spiny frogs
  2 naga magi
  A gargoyle (D:11)
  A rime drake (Lair:6)
  A tengu conjurer (Vaults:1)
  6 komodo dragons
  An efreet (D:14)
  2 freezing wraiths
  10 demonic crawlers
  29 yaktaurs
  A red devil (Depths:1)
  A hellwing (Depths:1)
  24 jumping spiders
  14 polar bears
  14 hornets
  A blink frog (shapeshifter) (Vaults:1)
  12 trolls
  12 tyrant leeches
  18 slime creatures
  Prince Ribbit (D:8)
  31 blink frogs
  52 saltlings (Desolation)
  13 hippogriffs
  2 bog bodies (Swamp:3)
  A frost giant simulacrum (Vaults:2)
  A shadow (Swamp:4)
  39 redbacks
  A vampire (D:14)
  An air elemental (Elf:2)
  20 yaks
  23 tarantellas
  2 water elementals
  5 wraiths
  3 hogs
  2 wyverns
  A basilisk (Lair:3)
  4 fire elementals
  A hungry ghost (D:15)
  A basilisk (shapeshifter) (Vaults:3)
  Grum (D:9)
  3 steam dragons
  21 vampire mosquitoes
  A human simulacrum (Vaults:2)
  11 wargs
  22 swamp worms
  An insubstantial wisp (Swamp:3)
  3 acid dragons
  6 water moccasins
  11 porcupines
  59 orc warriors
  6 sky beasts
  8 ice beasts
  A black bear (D:11)
  An eye of draining (D:14)
  3 slaves
  13 swamp drakes
  A black bear (shapeshifter) (Vaults:1)
  20 wolves
  27 ogres
  15 centaurs
  10 crocodiles
  2 big kobolds
  Blork the orc (D:6)
  25 bullfrogs
  8 jellies
  A scorpion (D:4)
  A water moccasin skeleton (D:5)
  4 wights (D:13)
  10 electric eels
  3 howler monkeys
  3 crimson imps
  A quasit (Depths:1)
  3 centaur zombies
  A bullfrog zombie (D:11)
  A gnoll shaman (D:10)
  31 orc wizards
  36 orc priests
  A bullfrog skeleton (D:12)
  5 hounds
  2 iron imps (Depths:1)
  Jessica (D:3)
  6 iguanas
  10 worker ants
  A hound skeleton (D:4)
  3 worker ant zombies
  15 gnolls
  9 adders
  5 shadow imps
  A white imp (Depths:1)
  6 oozes
  An adder skeleton (D:5)
  6 worms
  A dart slug (D:2)
  3 leopard geckos
  96 orcs
  9 bats
  2 giant cockroaches
  7 goblins
  9 hobgoblins
  12 jackals
  3 quokkas
  A ball python (D:2)
  A ball python skeleton (D:4)
  3 frilled lizards
  A jackal zombie (D:5)
  41 kobolds
  A leopard gecko skeleton (D:4)
  8 rats
  3 pillars of salt (Vaults:2)
  3 plants
1609 creatures vanquished.

Vanquished Creatures (collateral kills)
  Nikola (Spider:2)
  A lich (Vaults:1)
  Rupert (Spider:1)
  Asterion (Spider:1)
  A quicksilver dragon (Desolation)
  Frances (Spider:2)
  Kirke (Lair:6)
  A shadow dragon (Vaults:3)
  Roxanne (D:15)
  2 fire giants
  A deep elf sorcerer (Vaults:3)
  An imperial myrmidon (Desolation)
  Aizul (Spider:1)
  A ghost moth (Spider:4)
  A frost giant (IceCv)
  2 orc warlords
  An entropy weaver (Spider:3)
  2 ironheart preservers
  A stone giant (Vaults:2)
  A deep elf annihilator (Vaults:3)
  An orange crystal statue (WizLab)
  A spark wasp (Spider:4)
  A crystal guardian (Desolation)
  A deep elf death mage (Elf:2)
  2 ragged hierophants (Desolation)
  An ettin (Depths:1)
  Fannar (D:11)
  An ogre mage (Vaults:3)
  The ghost of stickyfingers the Cleaver, a journeyman MiBe of Trog (D:12)
  A yaktaur captain (Vaults:3)
  A vault guard (Vaults:2)
  3 centaur warriors
  A servant of whispers (Desolation)
  A rakshasa (Vaults:3)
  2 peacekeepers (Desolation)
  2 two-headed ogres (Vaults:3)
  A satyr (Desolation)
  A deep troll shaman (Depths:1)
  An orc high priest (Orc:2)
  A deep elf knight (Vaults:3)
  A skeletal warrior (Vaults:1)
  An iron troll (Depths:1)
  A deep troll (Elf:1)
  An unseen horror (Depths:1)
  A harpy (Vaults:1)
  7 deep elf archers
  An ironbrand convoker (Vaults:3)
  A glowing orange brain (shapeshifter) (D:15)
  2 orb spiders
  3 wolf spiders
  31 ugly things
  2 oklob plants (Lair:5)
  3 deep elf magi (Elf:2)
  A moth of wrath (Depths:1)
  3 elephants
  2 vault sentinels
  A guardian serpent (Spider:4)
  A spiny frog (Lair:4)
  A centaur skeleton (D:15)
  A redback zombie (D:15)
  5 yaktaurs
  2 demonic crawlers
  A tengu conjurer (Vaults:1)
  A freezing wraith (Vaults:2)
  A komodo dragon (Lair:2)
  3 jumping spiders
  A merfolk (Spider:4)
  3 hornets
  6 polar bears (IceCv)
  2 trolls
  A blink frog (Lair:6)
  A tyrant leech (Lair:2)
  6 slime creatures
  A meliai zombie (D:13)
  10 saltlings (Desolation)
  2 bog bodies (Swamp:2)
  A wandering mushroom (Lair:5)
  An air elemental (D:14)
  2 water elementals
  3 tarantellas (Spider:1)
  13 redbacks
  14 yaks
  A wraith (D:12)
  2 basilisks
  2 vampire mosquitoes (Swamp:3)
  4 insubstantial wisps (Swamp:3)
  2 wargs (Elf:3)
  A swamp drake (Swamp:3)
  A floating eye (Spider:4)
  7 orc warriors
  8 ogres
  2 ice beasts (D:13)
  5 wolves (IceCv)
  3 centaurs (D:15)
  A big kobold (D:8)
  A bullfrog (Lair:6)
  3 earth elementals
  A howler monkey (D:10)
  A hound (D:13)
  3 orc wizards
  2 iguanas
  A worker ant (D:10)
  2 adders (D:10)
  14 orcs
  A goblin (Bailey)
  4 kobolds
  2 fungi (Lair:6)
267 creatures vanquished.

Vanquished Creatures (others)
  2 hydras (Swamp:4)
  A lindwurm (Swamp:4)
  A deep elf mage (Elf:2)
  A jumping spider (Spider:3)
  3 steam dragons (Swamp:4)
  4 swamp drakes (Swamp:4)
  2 ball lightnings
  An orc (D:8)
  4 bushes
  46 fungi
  8 pillars of salt (Vaults:2)
  63 plants
136 creatures vanquished.

Grand Total: 2012 creatures vanquished

Notes
Turn   | Place    | Note
-------+----------+-------------------------------------------
     0 | D:1      | Inarius the Draconian Ice Elementalist began the quest for the Orb.
     0 | D:1      | Reached XP level 1. HP: 14/14 MP: 3/3
   111 | D:1      | Reached XP level 2. HP: 19/20 MP: 5/5
   554 | D:1      | Reached XP level 3. HP: 26/26 MP: 1/6
  1013 | D:2      | Noticed a killer bee
  1088 | D:2      | Reached skill level 4 in Ice Magic
  1729 | D:2      | Reached skill level 1 in Short Blades
  1770 | D:2      | Learned a level 3 spell: Ozocubu's Armour
  1833 | D:2      | Noticed a killer bee
  2040 | D:3      | Reached XP level 4. HP: 29/33 MP: 1/7
  2270 | D:3      | Noticed Jessica
  2285 | D:3      | Killed Jessica
  2692 | D:3      | Reached XP level 5. HP: 8/38 MP: 0/8
  3043 | D:3      | Noticed matthes123's ghost (novice GrEE)
  3290 | D:3      | Reached skill level 5 in Ice Magic
  4062 | D:4      | Reached XP level 6. HP: 42/46 MP: 10/10
  4097 | D:5      | Entered Level 5 of the Dungeon
  4375 | D:5      | Reached skill level 6 in Ice Magic
  4516 | D:5      | Your scales start taking on an icy white colour.
  4516 | D:5      | Reached skill level 7 in Ice Magic
  4516 | D:5      | Reached XP level 7. HP: 50/51 MP: 12/12
  4516 | D:5      | Gained mutation: Your flesh is cold resistant. (rC+) [White Draconian growth]
  4580 | D:4      | Learned a level 4 spell: Throw Icicle
  4585 | D:4      | Learned a level 4 spell: Summon Ice Beast
  4750 | D:5      | Reached skill level 1 in Fighting
  4795 | D:5      | Found Zivaadd's Antique Armour Boutique.
  4908 | D:5      | Found a blossoming altar of Fedhas.
  4918 | D:5      | Noticed HunterMK1337's ghost (novice DECj)
  5076 | D:5      | Reached skill level 8 in Ice Magic
  5189 | D:5      | Bought an ancient hat for 243 gold pieces
  5194 | D:5      | Identified the cursed -4 hat of a wizard's laboratory {*Corrode rN+ Dex+4 Stlth+} (You bought it in a shop on level 5 of the Dungeon)
  5458 | D:6      | Got a steaming amethyst amulet
  5734 | D:6      | Noticed a hippogriff
  5751 | D:6      | Killed a hippogriff
  5751 | D:6      | Reached XP level 8. HP: 30/60 MP: 1/14
  5993 | D:5      | Identified the amulet "Obbabona" {*Drain +Rage rElec Str-3 Int+8} (You found it on level 6 of the Dungeon)
  6009 | D:6      | Found a glowing silver altar of Zin.
  6039 | D:6      | Noticed Pikel
  6365 | D:6      | Noticed Blork the orc
  6370 | D:6      | Killed Blork the orc
  6370 | D:6      | Reached skill level 9 in Ice Magic
  6493 | D:6      | Reached skill level 1 in Charms
  6778 | D:7      | Noticed a hippogriff
  6787 | D:7      | Killed a hippogriff
  6930 | D:6      | Killed Pikel
  6930 | D:6      | Reached skill level 5 in Spellcasting
  6930 | D:6      | Reached skill level 10 in Ice Magic
  7357 | D:7      | Found a staircase to the Ecumenical Temple.
  7367 | Temple   | Entered the Ecumenical Temple
  7483 | Temple   | Became a worshipper of Nemelex Xobeh the Trickster
  7576 | D:7      | Noticed a hippogriff
  7584 | D:7      | Killed a hippogriff
  7584 | D:7      | Reached XP level 9. HP: 60/68 MP: 1/17
  7905 | D:7      | Reached skill level 1 in Invocations
  8039 | D:7      | Received a gift from Nemelex Xobeh
  8695 | D:8      | Noticed Tovarisch's ghost (novice CeHu)
  9243 | D:8      | Reached * piety under Nemelex Xobeh
  9385 | D:8      | Noticed a troll
  9408 | D:8      | HP: 2/68 [troll (9)]
  9649 | D:8      | Killed a troll
  9649 | D:8      | Reached skill level 1 in Summonings
  9649 | D:8      | Reached skill level 11 in Ice Magic
 10396 | D:9      | Found a staircase to the Lair.
 10559 | D:9      | Noticed a two-headed ogre
 11058 | D:9      | Reached XP level 10. HP: 75/77 MP: 6/19
 11064 | D:9      | Noticed Joseph
 11559 | D:8      | Killed a two-headed ogre
 11559 | D:8      | Reached skill level 12 in Ice Magic
 11787 | D:9      | Noticed a two-headed ogre
 11872 | D:9      | Noticed Grum
 11878 | D:8      | Reached skill level 5 in Dodging
 12143 | D:8      | Noticed Prince Ribbit
 12158 | D:8      | Killed Prince Ribbit
 12316 | D:9      | Killed Grum
 12582 | D:9      | Killed Joseph
 12601 | D:9      | Found a staircase to the Orcish Mines.
 12878 | D:9      | Found a roughly hewn altar of Beogh.
 13034 | D:9      | Killed a two-headed ogre
 13034 | D:9      | Reached skill level 5 in Conjurations
 13135 | D:9      | Noticed a moth of wrath
 13161 | D:9      | Found a bloodstained altar of Trog.
 13348 | D:10     | Entered Level 10 of the Dungeon
 13871 | D:10     | Reached skill level 13 in Ice Magic
 13983 | D:10     | Found a portal to a secret trove of treasure.
 14017 | D:10     | Reached skill level 5 in Invocations
 14111 | D:11     | Reached XP level 11. HP: 83/83 MP: 6/22
 14532 | D:11     | Noticed a two-headed ogre
 14566 | D:11     | Killed a two-headed ogre
 14778 | D:11     | Noticed Fannar
 14855 | D:11     | Noticed a white ugly thing
 14907 | D:10     | Killed a white ugly thing
 15452 | D:12     | Reached ** piety under Nemelex Xobeh
 15493 | D:11     | Noticed a white ugly thing
 15594 | D:12     | Received a gift from Nemelex Xobeh
 15655 | D:12     | Found a shimmering altar of Xom.
 15658 | D:12     | Found a shimmering altar of Xom.
 15659 | D:12     | Found a shimmering altar of Xom.
 15660 | D:12     | Found a shimmering altar of Xom.
 15661 | D:12     | Found a shimmering altar of Xom.
 15661 | D:12     | Found a shimmering altar of Xom.
 15690 | D:12     | Noticed stickyfingers's ghost (journeyman MiBe)
 16078 | Lair:1   | Entered Level 1 of the Lair of Beasts
 16116 | Lair:1   | HP: 4/83 [polar bear (5)]
 16117 | Lair:1   | Reached skill level 1 in Shields
 17034 | Lair:1   | Reached skill level 14 in Ice Magic
 18188 | Lair:1   | Received a gift from Nemelex Xobeh
 18703 | Lair:2   | Reached XP level 12. HP: 59/91 MP: 7/24
 18829 | Lair:2   | Found a staircase to the Swamp.
 18905 | Lair:2   | Noticed a four-headed hydra
 19017 | Lair:2   | Killed a four-headed hydra
 19117 | Lair:2   | Reached *** piety under Nemelex Xobeh
 19364 | Lair:2   | Found a hole to the Spider Nest.
 19585 | Lair:2   | Received a gift from Nemelex Xobeh
 20078 | Lair:3   | Reached skill level 15 in Ice Magic
 20237 | Lair:3   | Received a gift from Nemelex Xobeh
 20827 | Lair:3   | Reached **** piety under Nemelex Xobeh
 21213 | Lair:4   | Received a gift from Nemelex Xobeh
 21678 | Lair:4   | Received a gift from Nemelex Xobeh
 21678 | Lair:4   | Noticed a six-headed hydra
 21683 | Lair:4   | Killed a six-headed hydra
 21927 | Lair:4   | Noticed a five-headed hydra
 21931 | Lair:4   | Killed a five-headed hydra
 22117 | Lair:4   | Received a gift from Nemelex Xobeh
 22667 | Lair:5   | Reached skill level 16 in Ice Magic
 23511 | Lair:5   | Reached XP level 13. HP: 99/99 MP: 3/26
 24218 | Lair:5   | Identified the Reference Book on Conjuration and Self-Improvement
 24725 | Lair:5   | Reached skill level 17 in Ice Magic
 25222 | Lair:5   | Received a gift from Nemelex Xobeh
 25280 | Lair:5   | Reached ***** piety under Nemelex Xobeh
 25752 | Lair:6   | Entered Level 6 of the Lair of Beasts
 25979 | Lair:6   | Found a viscous altar of Jiyva.
 25980 | Lair:6   | Found a staircase to the Slime Pits.
 26859 | Lair:5   | Reached skill level 5 in Fighting
 27166 | Lair:5   | Reached skill level 18 in Ice Magic
 27678 | Lair:6   | Noticed Kirke
 28236 | Lair:6   | Reached XP level 14. HP: 107/107 MP: 13/27
 28415 | Lair:6   | Received a gift from Nemelex Xobeh
 29502 | Lair:6   | Reached skill level 10 in Conjurations
 29962 | Lair:6   | Received a gift from Nemelex Xobeh
 30159 | Lair:6   | Killed Kirke
 30488 | D:11     | Killed Fannar
 30929 | D:12     | Noticed Josephine
 30935 | D:12     | Killed Josephine
 31098 | D:12     | Killed stickyfingers's ghost
 31098 | D:12     | Reached skill level 19 in Ice Magic
 31619 | D:13     | Found a frozen archway.
 31659 | IceCv    | Entered an ice cave
 33161 | IceCv    | Noticed a frost giant
 33194 | IceCv    | Killed a frost giant
 33194 | IceCv    | Reached skill level 1 in Staves
 33424 | IceCv    | Received a gift from Nemelex Xobeh
 33651 | D:13     | Identified the +5 dire flail "Ifypit" {vamp, +Inv} (You found it on level 13 of the Dungeon)
 33653 | D:13     | Gained mutation: You are frail. (-10% HP) [potion of mutation]
 33653 | D:13     | Gained mutation: You are agile. (Dex +2) [potion of mutation]
 33653 | D:13     | Gained mutation: Your muscles are strong. (Str +2) [potion of mutation]
 33654 | D:13     | Lost mutation: You are frail. (-10% HP) [potion of mutation]
 33654 | D:13     | Lost mutation: Your muscles are strong. (Str +2) [potion of mutation]
 33654 | D:13     | Gained mutation: Your magical capacity is low. (-10% MP) [potion of mutation]
 33654 | D:13     | Gained mutation: You possess an exceptional clarity of mind. [potion of mutation]
 34876 | D:14     | Reached skill level 10 in Invocations
 35278 | D:14     | Found a flagged portal.
 35296 | Bailey   | Entered a bailey
 35303 | Bailey   | Noticed an orc warlord
 35437 | Bailey   | Received a gift from Nemelex Xobeh
 35746 | Bailey   | Found a runed gate.
 35746 | Bailey   | Found a runed gate.
 35784 | Bailey   | Found a runed gate.
 35911 | Bailey   | Killed an orc warlord
 36163 | D:14     | Identified 2 scrolls of acquirement
 36171 | D:14     | Got a vibrating ruby amulet
 36250 | D:14     | Found a burning altar of Makhleb.
 36557 | D:14     | Found a gate to the Vaults.
 36557 | D:14     | Cast into level 2 of the Abyss (a wizard)
 36579 | D:14     | Escaped the Abyss
 36609 | D:14     | Reached XP level 15. HP: 75/115 MP: 3/25
 36703 | D:14     | Reached skill level 20 in Ice Magic
 36867 | D:14     | Received a gift from Nemelex Xobeh
 37764 | D:14     | Found a large runed door.
 37765 | D:14     | Found a large runed door.
 38098 | Orc:1    | Entered Level 1 of the Orcish Mines
 38735 | Orc:1    | Noticed an orc warlord
 39235 | D:9      | Killed an orc warlord
 39809 | Orc:2    | Entered Level 2 of the Orcish Mines
 40345 | Orc:2    | Received a gift from Nemelex Xobeh
 40635 | Orc:2    | Found Maimpuarch's General Store.
 40646 | Orc:2    | Bought a scroll of identify for 34 gold pieces
 40646 | Orc:2    | Bought a scroll of enchant armour for 127 gold pieces
 40647 | Orc:2    | Identified the amulet "Yzonolua" {+Rage rN+ MR+} (You acquired it on level 14 of the Dungeon)
 42184 | Orc:2    | Noticed an orc warlord
 42611 | Orc:2    | Killed an orc warlord
 42762 | Orc:2    | Reached skill level 10 in Spellcasting
 43213 | Orc:2    | Found Kyupaf's General Store.
 43214 | Orc:2    | Found Guyjinn's Book Shop.
 43216 | Orc:2    | Found Darphior's Antique Armour Shop.
 43216 | Orc:2    | Found Ruifos's Antique Weapon Boutique.
 43281 | Orc:2    | Bought a glowing buckler for 210 gold pieces
 43433 | Orc:2    | Found a staircase to the Elven Halls.
 43711 | D:15     | Entered Level 15 of the Dungeon
 43720 | D:15     | Found Meusuu Dufell's Distillery.
 44255 | D:15     | Bought a potion of mutation for 96 gold pieces
 44255 | D:15     | Bought a potion of magic for 96 gold pieces
 44255 | D:15     | Lost mutation: You are agile. (Dex +2) [potion of mutation]
 44255 | D:15     | Lost mutation: Your magical capacity is low. (-10% MP) [potion of mutation]
 44255 | D:15     | Lost mutation: You possess an exceptional clarity of mind. [potion of mutation]
 44255 | D:15     | Gained mutation: You occasionally shout uncontrollably at your foes. [potion of mutation]
 44255 | D:15     | Gained mutation: You are resistant to hostile enchantments. (MR+) [potion of mutation]
 44255 | D:15     | Gained mutation: You have a pair of small horns on your head. [potion of mutation]
 44491 | D:14     | Upgraded the game from 0.21.0-24-g2553a33 to 0.21.0-25-ge575cb9
 45008 | D:15     | Reached skill level 21 in Ice Magic
 45187 | D:15     | Reached ****** piety under Nemelex Xobeh
 45203 | D:15     | Found a shattered altar of Ashenzari.
 45265 | D:15     | Received a gift from Nemelex Xobeh
 46171 | D:15     | Noticed Roxanne
 46212 | D:15     | Found a staircase to the Depths.
 46679 | D:15     | Killed Roxanne
 47175 | Swamp:1  | Entered Level 1 of the Swamp
 47179 | Swamp:1  | Reached XP level 16. HP: 108/122 MP: 22/30
 47579 | Swamp:1  | Got a jewelled rapier
 47583 | Swamp:1  | Identified the +4 rapier "Wiyck" {elec, Str+4 Int+3} (You found it on level 1 of the Swamp)
 47799 | Swamp:1  | Paralysed by a hornet for 2 turns
 48312 | Swamp:1  | Got a crude war axe
 48313 | Swamp:1  | Identified the +10 war axe of the Wasp {chop, Dex+3} (You found it on level 1 of the Swamp)
 48686 | Swamp:2  | Received a gift from Nemelex Xobeh
 49748 | Swamp:2  | Received a gift from Nemelex Xobeh
 51583 | Swamp:3  | Received a gift from Nemelex Xobeh
 52184 | Spider:1 | Entered Level 1 of the Spider Nest
 52521 | Lair:2   | Reached skill level 22 in Ice Magic
 52685 | Spider:1 | Noticed Asterion
 52692 | Spider:1 | Killed Asterion
 52793 | Spider:1 | Noticed Rupert
 52804 | Spider:1 | Killed Rupert
 52959 | Spider:1 | Received a gift from Nemelex Xobeh
 53532 | Spider:1 | Received a gift from Nemelex Xobeh
 53567 | Spider:1 | Noticed Aizul
 53578 | Spider:1 | Killed Aizul
 55178 | Spider:2 | Noticed Frances
 55766 | Spider:2 | Killed Frances
 55972 | Spider:2 | Received a gift from Nemelex Xobeh
 56631 | Spider:3 | Reached XP level 17. HP: 122/129 MP: 5/32
 56682 | Spider:3 | Noticed Nikola
 56922 | Spider:2 | Killed Nikola
 57197 | Spider:3 | Received a gift from Nemelex Xobeh
 58507 | Spider:3 | Received a gift from Nemelex Xobeh
 58960 | Elf:1    | Entered Level 1 of the Elven Halls
 59068 | Elf:1    | Reached skill level 23 in Ice Magic
 59528 | Elf:1    | Received a gift from Nemelex Xobeh
 59602 | Elf:1    | Found Qiusus's Antique Weapon Shoppe.
 59992 | Elf:1    | Identified the ring of the Vendetta {rC+ Str+4} (You took it off a deep elf knight on level 1 of the Elven Halls)
 60007 | Elf:1    | Identified the amulet "Xuvah" {*Corrode Regen+ Slay+5} (You found it on level 1 of the Elven Halls)
 61178 | Elf:1    | Identified the +12 great sword "Maroqenn" {holy, rF++ MP-9 Str-5 Dex+8} (You found it on level 1 of the Elven Halls)
 61375 | Elf:2    | Reached skill level 5 in Summonings
 61890 | Elf:2    | Received a gift from Nemelex Xobeh
 63370 | Elf:2    | Found a runed gate.
 63370 | Elf:2    | Found a runed gate.
 63371 | Elf:2    | Found a runed gate.
 63811 | Elf:2    | Reached skill level 24 in Ice Magic
 63811 | Elf:2    | Reached XP level 18. HP: 63/136 MP: 3/33
 64737 | Elf:2    | Received a gift from Nemelex Xobeh
 65349 | Swamp:4  | Entered Level 4 of the Swamp
 66055 | Swamp:4  | Learned a level 3 spell: Regeneration
 67935 | Swamp:4  | Got a decaying rune of Zot
 68480 | Vaults:1 | Entered Level 1 of the Vaults
 68480 | Vaults:1 | Received a gift from Nemelex Xobeh
 68929 | Vaults:1 | Received a gift from Nemelex Xobeh
 71352 | Vaults:1 | Reached skill level 25 in Ice Magic
 71364 | Vaults:1 | Got an ichor-stained hat
 71384 | Vaults:1 | Identified the +1 hat of Hoaffuej {+Blink Str-3 Dex+4} (You found it on level 1 of the Vaults)
 71416 | Vaults:1 | Found a radiant altar of Vehumet.
 71416 | Vaults:1 | Noticed a lich
 71426 | Vaults:1 | Killed a lich
 71442 | Vaults:1 | Learned a level 7 spell: Orb of Destruction
 71449 | Vaults:1 | Got a spiked hat
 71461 | Vaults:1 | Identified the +1 hat "Immity Beudi" {Int+4 Slay+2} (You found it on level 1 of the Vaults)
 71985 | Vaults:2 | Found a ruined gateway.
 72055 | Desolati | Entered the Desolation of Salt
 72237 | Desolati | Received a gift from Nemelex Xobeh
 72371 | Desolati | Identified the +2 pair of gloves of the Five Coins {Int+3 Dex+3} (You found it in the Desolation of Salt)
 72386 | Desolati | Got a fine flail
 72536 | Desolati | Identified Xeajiwuj's Papyrus of the Birds and Shape Shifting
 72622 | Desolati | Reached XP level 19. HP: 85/147 MP: 8/34
 73187 | Desolati | Reached skill level 1 in Necromancy
 74473 | Desolati | Identified the Catalogue of Bewitching Dislocation
 74785 | Desolati | Identified the cursed +1 flail of Cowardice {crush, MP+9 Dex+4} (You found it in the Desolation of Salt)
 74805 | Desolati | Found the +7 great mace "Undeadhunter" {disrupt, rN+}
 75587 | Vaults:2 | Noticed Mennas
 76249 | Vaults:2 | Received a gift from Nemelex Xobeh
 76497 | Vaults:2 | Noticed Jory
 76522 | Vaults:2 | Killed Jory
 77487 | Vaults:2 | Found a staircase to the Crypt.
 77487 | Vaults:2 | Found an ancient bone altar of Kikubaaqudgha.
 77488 | Vaults:2 | Found a basalt altar of Yredelemnul.
 78125 | Vaults:2 | Noticed Donald
 78490 | Vaults:2 | Killed Donald
 78490 | Vaults:2 | Reached skill level 26 in Ice Magic
 79411 | Vaults:2 | Received a gift from Nemelex Xobeh
 80393 | Vaults:2 | Reached XP level 20. HP: 159/159 MP: 33/36
 82642 | Vaults:3 | Received a gift from Nemelex Xobeh
 83844 | Vaults:3 | Received a gift from Nemelex Xobeh
 83968 | Vaults:3 | Reached skill level 10 in Fighting
 83977 | Vaults:3 | Reached skill level 15 in Conjurations
 85092 | Vaults:4 | Found a gateway to a bazaar.
 85122 | Vaults:3 | Reached skill level 27 in Ice Magic
 85255 | Bazaar   | Entered a bazaar
 85255 | Bazaar   | Found Lane's Antique Armour Shop.
 85255 | Bazaar   | Found Nusuinou's General Store.
 85255 | Bazaar   | Found Bivarroere's Distillery.
 85255 | Bazaar   | Found Iclyp's Magic Scroll Boutique.
 85266 | Bazaar   | Bought a potion of heal wounds for 60 gold pieces
 85266 | Bazaar   | Bought 2 potions of heal wounds for 120 gold pieces
 85266 | Bazaar   | Bought a potion of heal wounds for 60 gold pieces
 85270 | Bazaar   | Bought a scroll of acquirement for 780 gold pieces
 85277 | Bazaar   | Identified Inarius's Grimoire of the Big Bang (You acquired it in a bazaar)
 85289 | Bazaar   | Learned a level 6 spell: Ozocubu's Refrigeration
 85296 | Bazaar   | Learned a level 6 spell: Bolt of Cold
 85583 | Vaults:4 | Received a gift from Nemelex Xobeh
 86560 | Vaults:4 | Received a gift from Nemelex Xobeh
 86621 | Vaults:4 | Found Xoniged's Assorted Antiques.
 86630 | Vaults:4 | Bought a scroll of enchant armour for 157 gold pieces
 86760 | Vaults:4 | Found Jeujakop's Assorted Antiques.
 86766 | Vaults:4 | Bought a pair of polished boots for 418 gold pieces
 86766 | Vaults:4 | Identified the +2 pair of boots of Yredelemnul's Regard {Int+3} (You bought it in a shop on level 4 of the Vaults)
 87009 | Vaults:4 | Received a gift from Nemelex Xobeh
 87067 | Vaults:4 | Found Huliu's Food Shop.
 87952 | Spider:4 | Entered Level 4 of the Spider Nest
 87955 | Spider:4 | Got an ancient dagger
 87958 | Spider:4 | Identified the +7 dagger of Suicidal Tendencies {pierce, Dex+4} (You found it on level 4 of the Spider Nest)
 88064 | Spider:3 | Reached skill level 15 in Invocations
 89280 | Spider:4 | Paralysed by a floating eye for 4 turns
 89287 | Spider:4 | Paralysed by a floating eye for 4 turns
 90465 | Spider:4 | Received a gift from Nemelex Xobeh
 90945 | Spider:4 | Reached XP level 21. HP: 153/169 MP: 11/38
 90979 | Spider:4 | Paralysed by a hornet for 1 turns
 92206 | Spider:4 | Got a gossamer rune of Zot
 92557 | Elf:3    | Entered Level 3 of the Elven Halls
 92557 | Elf:3    | Found a deep blue altar of Sif Muna.
 93223 | Vaults:2 | Learned a level 2 spell: Swiftness
 95728 | Elf:3    | Reached skill level 1 in Air Magic
 95884 | Elf:3    | Received a gift from Nemelex Xobeh
 95885 | Elf:3    | Noticed Saint Roka
 95901 | Elf:3    | Killed Saint Roka
 97186 | Elf:3    | Found Nudued's Jewellery Shoppe.
 97540 | Elf:3    | Identified the +1 pair of gloves of the New World {Slay+3} (You found it on level 3 of the Elven Halls)
 97549 | Elf:3    | Identified the Papyrus of Stolen Souls and Stones
 97582 | Elf:3    | Identified the cursed +1 long sword "Seir" {freeze, *Rage rF++ rN+} (You took it off a deep elf high priest on level 3 of the Elven Halls)
 97602 | Elf:3    | Identified the +6 battleaxe "Beastslayer" {chop, Str+6 Int+3 Stlth-} (You took it off a deep elf annihilator on level 3 of the Elven Halls)
 97685 | Elf:3    | Bought the ring of Nen Kuuq {Fire rPois MP+9 Str+2 Int-4} for 559 gold pieces
 98011 | Depths:1 | Entered Level 1 of the Depths
 98011 | Depths:1 | Found Maxkox's Antique Armour Shoppe.
 98345 | Depths:1 | Learned a level 5 spell: Aura of Abjuration
 98419 | Depths:1 | Found a magical portal.
 98426 | WizLab   | Entered Wucad Mu's Monastery
 98682 | WizLab   | Received a gift from Nemelex Xobeh
 98688 | WizLab   | Found the +9 staff of Wucad Mu {channel}
 98726 | WizLab   | Reached XP level 22. HP: 177/177 MP: 40/40
100014 | Depths:1 | Found a gateway to Hell.
100088 | Depths:1 | Found a one-way gate leading to the halls of Pandemonium.
100467 | Depths:1 | Received a gift from Nemelex Xobeh
100501 | Depths:1 | Reached XP level 23. HP: 183/183 MP: 29/41
101126 | Depths:1 | Received a gift from Nemelex Xobeh
102481 | Depths:2 | Noticed the Enchantress
102508 | Depths:1 | HP: 1/183 [spriggan defender/enchanted quick blade[the Enchantress] (14)]
102514 | Depths:1 | HP: 9/183 [spriggan defender/enchanted quick blade[the Enchantress] (18)]
102514 | Depths:1 | Slain by a spriggan defender

Skill      XL: |  1  2  3  4  5  6  7  8  9 10 11 12 13 14 15 16 17 18 19 20 21 |
---------------+----------------------------------------------------------------+-----
Dodging        | 2 3 4 5 6 7 8 |  8.5
Ice Magic      | 4 5 7 8 10 11 13 14 16 18 19 21 22 24 25 26 27 | 27.0
Short Blades   | 1 |  1.5
Spellcasting   | 3 4 5 6 7 8 9 10 11 12 13 14 | 14.8
Fighting       | 1 2 3 4 5 6 8 9 10 | 10.6
Charms         | 1 2 3 4 |  4.1
Conjurations   | 2 3 5 6 7 9 10 11 12 13 14 15 17 | 17.5
Invocations    | 3 5 7 8 9 10 11 12 13 14 15 16 | 16.7
Summonings     | 1 2 3 4 5 6 |  6.5
Shields        | 1 2 3 |  3.0
Staves         | 1 |  1.0
Necromancy     | 1 2 |  2.8
Air Magic      | 1 |  1.3
Maces & Flails | |  0.2
Stealth        | |  1.7
Evocations     | |  0.9

Action                   |  1- 3 |  4- 6 |  7- 9 | 10-12 | 13-15 | 16-18 | 19-21 | 22-24 || total
-------------------------+-------+-------+-------+-------+-------+-------+-------+-------++-------
Melee: Short sword       |    86 |    31 |       |       |       |       |       |       ||   117
       Spear             |    12 |    94 |    87 |       |       |       |       |       ||   193
       Tailslap          |     1 |    13 |    23 |    29 |   111 |    14 |    86 |    14 ||   291
       Whip              |       |       |    95 |   332 |   390 |       |       |       ||   817
       Staff             |       |       |       |       |   492 |   111 |    63 |       ||   666
       Headbutt          |       |       |       |       |    24 |    21 |    93 |    20 ||   158
       Rapier            |       |       |       |       |       |    55 |   379 |    24 ||   458
       Long sword        |       |       |       |       |       |       |       |    44 ||    44
Throw: Tomahawk          |       |       |     6 |     3 |     4 |       |       |       ||    13
 Cast: Freeze            |    43 |    55 |    36 |    12 |       |       |       |       ||   146
       Ozocubu's Armour  |       |     2 |    15 |    25 |    63 |    66 |    76 |     8 ||   255
       Throw Icicle      |       |       |    82 |   306 |   616 |   920 |   722 |    28 ||  2674
       Summon Ice Beast  |       |       |       |     4 |   115 |    65 |    80 |     7 ||   271
       Regeneration      |       |       |       |       |       |    12 |    35 |     6 ||    53
       Orb of Destructio |       |       |       |       |       |       |    55 |    40 ||    95
       Bolt of Cold      |       |       |       |       |       |       |    90 |    42 ||   132
       Aura of Abjuratio |       |       |       |       |       |       |    10 |     1 ||    11
       Swiftness         |       |       |       |       |       |       |     5 |     2 ||     7
       Ozocubu's Refrige |       |       |       |       |       |       |     3 |       ||     3
 Abil: Breathe Frost     |       |       |       |     1 |     4 |     1 |     2 |       ||     8
       Stop Flying       |       |       |       |       |       |     1 |       |       ||     1
       Evoke Flight      |       |       |       |       |       |     1 |       |       ||     1
       Evoke Blink       |       |       |       |       |       |     1 |       |       ||     1
Evoke: Deck              |       |       |     3 |     7 |    33 |    58 |    50 |     9 ||   160
       Wand              |       |       |       |     2 |    10 |       |     2 |       ||    14
  Use: Scroll            |     4 |     9 |     8 |    14 |    13 |    12 |    17 |     3 ||    80
       Potion            |       |       |     5 |     2 |    12 |     9 |    13 |     6 ||    47
 Stab: Sleeping          |       |     1 |     4 |     1 |       |       |     1 |       ||     7
       Distracted        |       |       |       |       |     5 |     1 |     4 |     1 ||    11
       Petrified         |       |       |       |       |     8 |       |     8 |       ||    16
       Petrifying        |       |       |       |       |     1 |       |       |       ||     1
  Eat: Chunk             |     4 |     9 |    19 |    44 |    50 |    40 |    71 |    15 ||   252
       Ration            |       |       |     3 |     2 |     9 |    11 |     8 |     1 ||    34
Armor: Skin              |    36 |    46 |    63 |   181 |   382 |   276 |   326 |    55 ||  1365
Dodge: Dodged            |    91 |   125 |   187 |   448 |  1031 |   565 |   743 |   125 ||  3315
Block: Shield            |       |       |       |   120 |   334 |       |       |       ||   454
       Buckler           |       |       |       |       |   151 |   275 |   377 |    62 ||   865
       Rpst.: Long sword |       |       |       |       |       |       |       |    14 ||    14
